AoeStats
← benitezamir

Arena

510350248Analyzed
2v2 RM · 11h ago on Sep 30, 2026· 35m 6s· 4 players
Game mode
Random Map
Map size
Medium (4 player)
Population
200
Speed
Normal
Resources
Standard
Victory
Conquest
Starting age
Dark Age
Ending age
Imperial Age
RankedLock teamsTeams togetherTeam positionsShared explorationLock speedFull tech treeHidden civsTurbo modeCheats
Victory
Defeat
🇹🇷 Byzantines · Türkiye
935
+17
🇹🇷 Portuguese · Türkiye
885
+19
🇦🇷 Goths · Argentina
995
-19
🇪🇸 Romans · Spain
933
-17
isanar3
0:37 Loom
11:35 Feudal Age
18:42 Castle Age
17:52 Horse Collar
18:02 Double-Bit Axe
18:09 Gold Mining
18:10 Stone Mining
26:41 Imperial Age
27:00 Light Cavalry
28:13 Bloodlines
30:23 Wheelbarrow
30:57 Stone Shaft Mining
32:14 Chemistry
31:36 Ballistics
31:31 Forging
33:10 Murder Holes
34:23 Arquebus
matrak_1991
10:30 Feudal Age
11:05 Loom
15:32 Castle Age
13:48 Double-Bit Axe
14:45 Horse Collar
15:01 Stone Mining
16:35 Bow Saw
19:51 Heavy Plow
23:49 Gambesons
27:20 Gold Mining
28:48 Gold Shaft Mining
32:13 Imperial Age
29:53 Man-at-Arms
31:45 Wheelbarrow
31:15 Long Swordsman
33:32 Two-Handed Swordsman
Carloscba6669
1:12 Loom
9:27 Feudal Age
15:35 Castle Age
17:17 Town Watch
22:52 Horse Collar
23:00 Double-Bit Axe
23:57 Wheelbarrow
29:15 Fortified Wall
32:04 Imperial Age
30:32 Man-at-Arms
33:53 Squires
33:14 Pikeman
benitezamir
9:52 Feudal Age
14:30 Castle Age
13:36 Stone Mining
16:29 Loom
24:56 Scale Mail Armor
25:05 Pikeman
27:45 Forging
27:51 Chain Mail Armor
27:29 Horse Collar
30:13 Wheelbarrow
31:06 Squires
31:21 Heavy Plow
37:16 Imperial Age
34:30 Man-at-Arms
Connection lost

Rejoining the realm…

Still unreachable

The connection could not be restored.

Session expired

The server has moved on; the page needs a fresh start.